Map: 서브머린 - 래더

Players

Stats

  • Race: Protoss Protoss
  • Spawn Location: 11:00

Reynor - Winner!

  • Race: Zerg Zerg
  • Spawn Location: 5:00

Event: StayAtHome Story Cup #3

VOD

Have the link to the VOD?

Description

Time

  • Played on: March 12, 2021, 8:57 a.m.
  • Length: 12:41

All games in this series

Show
View Real Time Build Order
Export as new Build Order

Stats Protoss 

Build Orders: 1 Gate Expand, Oracle Opening 

Get SALT Encoding   

  12  0:00  Probe  
  13  0:13  Pylon  
  13  0:18  Probe (Chrono Boost)  
  14  0:27  Probe (Chrono Boost)  
  15  0:32  Probe  
  16  0:40  Gateway  
  16  0:44  Probe  
  16  0:47  Assimilator  
  17  0:56  Probe  
  18  1:08  Probe  
  19  1:20  Probe  
  20  1:26  Nexus  
  20  1:35  Cybernetics Core  
  20  1:37  Probe  
  21  1:43  Assimilator  
  21  1:49  Probe  
  21  1:53  Pylon  
  22  2:01  Probe (Chrono Boost)  
  23  2:09  Adept (Chrono Boost)  
  23  2:13  Probe (Chrono Boost)  
  26  2:19  Probe (Chrono Boost), Stargate  
  27  2:27  Warp Gate  
  27  2:28  Probe  
  28  2:32  Adept  
  30  2:38  Probe (Chrono Boost)  
  32  2:48  Probe x2 (Chrono Boost)  
  33  2:53  Probe (Chrono Boost)  
  33  2:54  Probe  
  33  2:57  Void Ray (Chrono Boost)  
  35  3:02  Adept  
  35  3:05  Probe  
  38  3:06  Probe  
  43  3:12  Pylon  
  43  3:17  Probe  
  43  3:19  Probe  
  45  3:23  Gateway  
  45  3:29  Probe  
  45  3:31  Probe  
  45  3:34  Oracle  
  51  3:41  Probe, Pylon  
  51  3:44  Probe  
  52  3:53  Probe  
  51  4:03  Nexus  
  51  4:05  Probe (Chrono Boost), Pylon  
  51  4:07  Assimilator  
  51  4:08  Probe (Chrono Boost)  
  51  4:09  Assimilator  
  53  4:12  Void Ray  
  53  4:14  Probe (Chrono Boost)  
  55  4:18  Probe (Chrono Boost)  
  55  4:19  Probe (Chrono Boost)  
  60  4:28  Probe  
  61  4:34  Probe  
  61  4:36  Protoss Air Weapons Level 1 (Chrono Boost)  
  61  4:37  Pylon  
  62  4:40  Probe  
  63  4:45  Stargate  
  63  4:46  Pylon  
  63  4:51  Void Ray (Chrono Boost)  
  63  4:53  Probe x2  
  69  5:05  Probe x2, Pylon  
  71  5:08  Forge  
  71  5:12  Shield Battery  
  71  5:14  Shield Battery  
  71  5:15  Probe  
  71  5:17  Probe x2  
  71  5:20  Shield Battery  
  74  5:25  Void Ray (Chrono Boost)  
  74  5:27  Probe, Void Ray (Chrono Boost)  
  75  5:29  Probe x2  
  85  5:41  Shield Battery  
  85  5:43  Photon Cannon  
  85  5:44  Probe x3  
  85  5:49  Void Ray (Chrono Boost)  
  88  5:53  Void Ray (Chrono Boost), Pylon  
  88  5:55  Photon Cannon  
  96  6:05  Assimilator x2  
  96  6:07  Pylon  
  96  6:08  Probe x3  
  99  6:12  Robotics Facility  
  99  6:20  Probe x3  
  99  6:24  Void Ray (Chrono Boost)  
  102  6:30  Photon Cannon  
  102  6:32  Photon Cannon, Shield Battery  
  106  6:33  Shield Battery  
  106  6:36  Void Ray (Chrono Boost)  
  106  6:37  Photon Cannon  
  106  6:40  Pylon  
  106  6:46  Adept  
  106  6:47  Adept  
  114  6:52  Photon Cannon  
  114  6:54  Void Ray  
  118  7:09  Void Ray (Chrono Boost)  
  118  7:14  Shield Battery  
  122  7:15  Shield Battery  
  120  7:27  Zealot x2  
  120  7:28  Void Ray (Chrono Boost)  
  122  7:40  Photon Cannon, Shield Battery  
  122  7:41  Photon Cannon  
  122  7:42  Shield Battery  
  122  7:43  Shield Battery, Void Ray (Chrono Boost)  
  113  7:51  Immortal (Chrono Boost)  
  113  7:53  Zealot  
  113  7:58  Void Ray  
  113  8:04  Pylon  
  113  8:05  Photon Cannon, Pylon  
  108  8:13  Void Ray, Zealot  
  114  8:24  Probe x3  
  105  8:35  Void Ray  
  105  8:42  Gateway  
  105  8:44  Gateway  
  105  8:46  Gateway  
  101  8:50  Void Ray  
  101  8:52  Probe x3  
  95  9:04  Probe  
  93  9:12  Void Ray (Chrono Boost)  
  96  9:25  Void Ray (Chrono Boost)  
  96  9:28  Assimilator  
  96  9:31  Pylon  
  96  9:32  Probe  
  101  9:41  Zealot x3  
  101  9:43  Pylon  
  107  9:50  Gateway  
  107  9:52  Void Ray (Chrono Boost)  
  107  9:53  Gateway x2  
  107  9:55  Void Ray  
  115  10:07  Cybernetics Core  
  115  10:19  Zealot x2  
  115  10:20  Zealot  
  111  10:37  Gateway  
  111  10:39  Gateway  
  100  10:48  Robotics Facility  
  100  10:52  Twilight Council, Zealot x6  
  110  11:01  Pylon  
  110  11:03  Shield Battery  
  110  11:11  Shield Battery  
  110  11:22  Zealot  
  108  11:29  Void Ray x2 (Chrono Boost)  
  100  11:39  Observer (Chrono Boost)  
  105  11:41  Robotics Bay  
  105  11:43  Robotics Facility  
  101  11:54  Templar Archives  
  97  11:57  Photon Cannon, Immortal (Chrono Boost)  
  97  12:00  Photon Cannon, Void Ray (Chrono Boost)  
  97  12:01  Void Ray (Chrono Boost)  
  101  12:04  Shield Battery  
  109  12:15  Zealot x8  
  100  12:37  Zealot x6  
Show
View Real Time Build Order
Export as new Build Order

Reynor Zerg - Winner!

Build Orders: Hatch First 

Get SALT Encoding   

  12  0:02  Drone  
  13  0:12  Overlord  
  13  0:16  Drone  
  14  0:30  Drone x2  
  16  0:49  Hatchery  
  15  0:52  Drone  
  15  0:54  Drone  
  17  0:58  Drone  
  18  1:08  Extractor  
  17  1:13  Spawning Pool  
  17  1:16  Drone  
  17  1:19  Drone  
  18  1:28  Drone  
  19  1:38  Drone  
  20  1:51  Overlord  
  20  1:59  Queen  
  20  2:00  Queen  
  24  2:02  Zergling x4  
  26  2:11  Drone x2  
  26  2:14  Metabolic Boost  
  28  2:21  Drone  
  29  2:23  Drone  
  30  2:36  Hatchery  
  29  2:40  Zergling x2  
  29  2:41  Drone  
  31  2:45  Drone  
  31  2:47  Overlord  
  32  2:54  Queen  
  32  2:58  Drone  
  35  3:01  Drone  
  36  3:07  Zergling x4  
  36  3:08  Drone x2  
  36  3:12  Overlord  
  40  3:19  Queen  
  42  3:23  Drone x2  
  44  3:32  Overlord  
  44  3:33  Spore Crawler  
  43  3:34  Drone  
  43  3:39  Queen  
  46  3:43  Overlord  
  44  3:49  Drone x4  
  44  3:50  Drone  
  44  3:53  Queen  
  44  3:54  Drone  
  52  4:01  Zergling x2  
  51  4:03  Drone x2  
  51  4:07  Queen  
  51  4:09  Drone  
  57  4:10  Drone x2  
  57  4:12  Drone  
  57  4:14  Drone  
  57  4:17  Overlord  
  60  4:21  Drone x3  
  60  4:23  Drone  
  64  4:24  Drone  
  64  4:30  Overlord  
  65  4:32  Drone  
  65  4:36  Drone, Roach Warren  
  65  4:37  Drone, Evolution Chamber  
  66  4:40  Zergling x4  
  66  4:41  Zergling x2  
  66  4:43  Drone  
  70  4:46  Lair  
  70  4:48  Drone  
  70  4:49  Drone  
  70  4:51  Overlord  
  72  4:53  Drone  
  72  4:54  Drone  
  72  4:56  Extractor  
  72  4:57  Extractor, Overlord  
  72  5:00  Overlord  
  72  5:03  Drone x2  
  74  5:08  Overlord  
  74  5:12  Drone x5  
  74  5:13  Drone  
  79  5:15  Queen  
  79  5:17  Queen  
  79  5:20  Drone x2  
  79  5:21  Drone  
  86  5:22  Extractor  
  86  5:27  Overlord  
  85  5:29  Drone  
  85  5:31  Drone  
  85  5:32  Extractor  
  85  5:34  Extractor, Drone  
  85  5:35  Drone  
  87  5:36  Drone, Overlord  
  87  5:39  Overlord  
  87  5:43  Queen  
  87  5:48  Drone  
  87  5:49  Nydus Network, Overlord  
  89  5:53  Queen  
  89  5:55  Drone  
  89  5:56  Queen  
  94  6:00  Overlord  
  94  6:03  Roach x3  
  100  6:04  Roach  
  100  6:07  Roach  
  100  6:08  Roach  
  106  6:14  Roach x4  
  114  6:21  Queen  
  116  6:26  Nydus Canal  
  116  6:27  Roach x2  
  116  6:28  Queen, Roach x3  
  116  6:30  Overlord  
  128  6:34  Queen  
  128  6:36  Ravager x5  
  128  6:37  Zergling x2  
  136  6:42  Overlord  
  136  6:45  Ravager x2  
  136  6:46  Zergling x12  
  144  6:48  Nydus Canal  
  145  6:54  Ravager  
  145  6:55  Zergling x12  
  151  7:05  Zergling x16  
  159  7:10  Queen  
  159  7:11  Queen  
  159  7:14  Zergling x4  
  162  7:19  Queen  
  150  7:23  Zergling x2, Roach  
  150  7:24  Zergling x12  
  150  7:28  Zergling x2  
  151  7:34  Ravager x2, Roach  
  143  7:40  Zergling x6, Roach  
  143  7:42  Zergling x4  
  141  7:46  Queen x2  
  141  7:50  Zergling x2, Roach  
  138  7:52  Zergling x6  
  138  7:55  Queen  
  136  7:59  Nydus Canal  
  136  8:00  Zergling x4, Roach  
  136  8:03  Zergling x2  
  138  8:09  Roach  
  138  8:10  Ravager x3  
  140  8:16  Zergling x2, Roach  
  135  8:22  Queen x2  
  135  8:24  Zergling x2, Roach  
  133  8:27  Zergling x6, Roach  
  133  8:30  Queen  
  129  8:35  Zergling x2, Roach  
  129  8:37  Roach  
  129  8:41  Ravager x4  
  131  8:45  Zergling x2, Roach  
  126  8:51  Roach  
  126  8:54  Zergling x4  
  123  8:57  Queen  
  123  8:58  Queen, Zergling x2  
  120  9:06  Queen  
  120  9:08  Overlord  
  116  9:11  Infestation Pit  
  110  9:17  Spore Crawler  
  109  9:24  Ravager  
  109  9:25  Ravager x3, Spore Crawler  
  109  9:26  Hatchery  
  109  9:27  Spore Crawler  
  109  9:28  Zerg Missile Weapons Level 1  
  109  9:31  Hydralisk Den  
  110  9:33  Queen x2  
  114  9:42  Queen  
  116  9:49  Nydus Canal  
  114  10:04  Hydralisk x11  
  134  10:09  Queen x2  
  138  10:15  Hydralisk x4  
  138  10:17  Overlord  
  144  10:25  Queen, Overlord  
  135  10:29  Hydralisk x4  
  135  10:38  Muscular Augments  
  129  10:44  Queen, Hydralisk x4  
  136  10:54  Roach x5  
  146  10:58  Glial Reconstitution  
  146  11:03  Hydralisk  
  146  11:04  Hydralisk  
  146  11:10  Overseer  
  150  11:14  Hydralisk x3  
  154  11:18  Hydralisk x2  
  154  11:21  Overlord  
  154  11:30  Hydralisk x2  
  154  11:31  Hydralisk x2  
  150  11:40  Overlord  
  150  11:44  Hydralisk x5  
  150  11:58  Roach x5  
  150  11:59  Ravager x3  
  150  12:00  Ravager  
  165  12:01  Ravager  
  165  12:07  Roach x3  
  170  12:14  Hydralisk x2  
  174  12:23  Overlord  
Tags
 
Add a new tag
Caveats
  • Supply blocks, unpowered buildings, or Contaminate may cause inaccurate times.
  • Supply counts are checked every 10 seconds.